 Dungeon Crawl Stone Soup version 0.22-a0-32-ga749362 (webtiles) character file.

83855 Faca the Fencer (level 15, -10/139 HPs)
             Began as a Minotaur Fighter on Jan 3, 2018.
             Was the Champion of Okawaru.
             Killed from afar by a shock serpent (25 damage)
             ... with a bolt of electricity
             ... on level 1 of the Snake Pit on Jan 4, 2018.
             The game lasted 01:03:14 (23769 turns).

Faca the Fencer (Minotaur Fighter)                 Turns: 23769, Time: 01:03:14

Health: -10/139    AC: 30    Str: 25    XL:     15   Next: 33%
Magic:  15/15      EV: 10    Int:  5    God:    Okawaru [******]
Gold:   1888       SH: 15    Dex: 18    Spells: 14/14 levels left

rFire    . . .     SeeInvis +   x - +0 scimitar (flame)
rCold    + . .     Gourm    +   B - +0 shield {reflect}
rNeg     . . .     Faith    .   w - +0 plate armour
rPois    +         Spirit   .   v - +1 hat {SInv}
rElec    .         Reflect  +   a - +2 cloak of Pureomus {Stlth+}
rCorr    .         Harm     .   h - +2 pair of gloves {Dex+3}
MR       +....                  I - +0 pair of boots of Reason {rPois rC+}
Stlth    ..........             N - amulet of the gourmand
HPRegen  0.33/turn              L - ring "Soawn" {+Blink Str+3}
MPRegen  0.14/turn              R - +4 ring of protection

@: lethally poisoned (-10 -> -10), very slightly contaminated
A: retaliatory headbutt, horns 2
a: Heroism, Finesse, Renounce Religion, Evoke Blink


You were on level 1 of the Snake Pit.
You worshipped Okawaru.
Okawaru was exalted by your worship.
You were not hungry.

You visited 4 branches of the dungeon, and saw 21 of its levels.
You also visited: Sewer.

You collected 1888 gold pieces.

Inventory:

Hand Weapons
 t - the +0 dagger "Beetleslayer" {flame, MR+ Dex+4}
   (You found it on level 6 of the Lair of Beasts)

   It has been specially enchanted to burn those struck by it, causing extra
   injury to most foes and up to half again as much damage against particularly
   susceptible opponents.
   It affects your dexterity (+4).
   It affects your resistance to hostile enchantments.
 x - a +0 scimitar of flaming (weapon)
 O - the +7 double sword "Jixzoc" {slice, *Noise rElec MR+ Int+8}
   (Okawaru gifted it to you on level 5 of the Lair of Beasts)

   It inflicts extra damage upon your enemies.
   It affects your intelligence (+8).
   It insulates you from electricity.
   It affects your resistance to hostile enchantments.
   It may make noises in combat.
Armour
 a - the +2 cloak of Pureomus (worn) {Stlth+}
   (You found it on level 7 of the Dungeon)

   It makes you more stealthy.
 h - a +2 pair of gloves of dexterity (worn)
 q - a +0 pair of boots of flying
 v - a +1 hat of see invisible (worn)
 w - a +0 plate armour (worn)
 B - a +0 shield of reflection (worn)
 D - a +0 shield of protection
 F - a +2 pair of boots
 I - the +0 pair of boots of Reason (worn) {rPois rC+}
   (Okawaru gifted it to you on level 3 of the Lair of Beasts)

   It protects you from cold.
   It protects you from poison.
Jewellery
 z - an uncursed ring of protection from fire
 L - the ring "Soawn" (left hand) {+Blink Str+3}
   (You acquired it on level 5 of the Lair of Beasts)

   [ring of strength]

   It affects your strength (+3).
   It lets you blink.
 M - an uncursed ring of protection from magic
 N - an amulet of the gourmand (around neck)
 R - a +4 ring of protection (right hand)
Wands
 c - a wand of disintegration (22)
 j - a wand of digging (31)
 C - a wand of iceblast (24)
 G - a wand of clouds (5)
 H - a wand of paralysis (14)
Scrolls
 p - 6 scrolls of teleportation
 r - 3 scrolls of enchant weapon
 s - 6 scrolls of remove curse
 y - 3 scrolls of magic mapping
 A - 3 scrolls of fog
 J - 3 scrolls of identify
 K - 2 scrolls of enchant armour
Potions
 b - 3 potions of berserk rage
 d - 4 potions of might
 e - 2 potions of haste
 g - 5 potions of brilliance
 i - 6 potions of heal wounds
 k - 2 potions of invisibility
 m - 14 potions of curing
 n - a potion of agility
 o - 2 potions of flight
 u - 2 potions of mutation
Comestibles
 f - 23 rations


   Skills:
 + Level 14.6 Fighting
 + Level 17.3 Long Blades
 + Level 14.8 Armour
 - Level 3.4 Dodging
 - Level 1.2 Stealth
 + Level 16.7 Shields
 + Level 1.6 Invocations


You had 14 spell levels left.
You didn't know any spells.

Dungeon Overview and Level Annotations

Branches:
Dungeon (12/15)            Temple (0/1) D:7            Lair (6/6) D:9
  Swamp (0/4) Lair:3        Snake (1/4) Lair:3        Slime (0/5) Lair:6
    Orc (2/2) D:12            Elf (0/3) Orc:2

Altars:
Cheibriados
Elyvilon
Fedhas
Gozag
Hepliaklqana
Makhleb
Nemelex Xobeh
Okawaru
Uskayaw
Vehumet
Wu Jian
Xom
Yredelemnul
Beogh
Jiyva

Shops:
D:6 *   D:8 (   Orc:2 **(*[

Annotations:
D:11 2 runed doors, exclusion: orange crystal statue
Lair:4 exclusion: oklob plant
Snake:1 Nikola


Innate Abilities, Weirdness & Mutations

You reflexively headbutt those who attack you in melee.
You have a pair of horns on your head.


Message History

The shock serpent bites you. The shock serpent shocks you!
You barely miss the shock serpent.
The shock serpent is heavily wounded.
The shock serpent bites you but does no damage.
You barely miss the shock serpent.
The shock serpent is heavily wounded.
The shock serpent bites you but does no damage.
Nikola gestures at you while chanting.
The bolt of lightning hits the shock serpent.
The shock serpent completely resists.
The bolt of lightning hits you!
* * * LOW HITPOINT WARNING * * *
Okay, then.
Blink to where?
Press: ? - help, Dir - move target cursor You are very lightly contaminated with residual magic.
As you read the scroll of blinking, it crumbles to dust.
You feel sick.
The shock serpent shoots out a bolt of lightning at you!
The bolt of electricity hits you!
You die...

#...# #...#...(.....# ##...##
##...##........# ##.....##
##.....##..###..#
####N@(....###.......##)##...#
#(.....#S........#...)†(##...#
#...N.###.......###..(.)###..#
........# ........#..)...##...#
..@##.......###.......#####...#
... ##.....## ##@....###..#.÷.#
... ##...## ##...##...#....# ..
#...# #...#...###...# .. #...#
##...#...# #...# #....#
##....##.## #...#
#....###....##...# #...#
#...........##...# #[###
#.........###...# ###
####.....### #...# ###


You could see a shock serpent.

Vanquished Creatures
  Gastronok (Lair:1)
  Kirke (Lair:5)
  An orc warlord (Orc:2)
  Nessos (Lair:4)
  3 hydras
  2 anacondas (Snake:1)
  A catoblepas (Lair:5)
  Erica (D:9)
  3 two-headed ogres
  13 death yaks (Lair:6)
  3 naga sharpshooters (Snake:1)
  Urug (D:12)
  An orc high priest (Orc:2)
  Sonja (D:12)
  2 shock serpents (Snake:1)
  The ghost of erocl the Cleaver, a novice MiBe of Trog (D:8)
  The ghost of isock the Nimble, a novice GnWn (D:7)
  A naga ritualist (Snake:1)
  A deep elf mage (D:12)
  2 orc knights
  Pikel (D:6)
  A lindwurm (Lair:6)
  A mana viper (Snake:1)
  A cyclops (D:12)
  2 ugly things (D:11)
  3 orc sorcerers
  Maurice (Orc:2)
  19 elephants
  11 black mambas
  28 spiny frogs
  2 naga magi (Snake:1)
  A kobold demonologist (D:11)
  5 komodo dragons
  4 tyrant leeches (Lair:6)
  A polar bear (Lair:4)
  A hornet (D:7)
  5 trolls
  8 hippogriffs
  Grinder (D:3)
  5 dream sheep (Lair:6)
  17 blink frogs
  A vampire (D:9)
  3 wyverns
  33 yaks
  A basilisk (Lair:2)
  3 hungry ghosts
  2 wraiths (D:11)
  A human (D:7)
  5 hogs
  7 nagas
  6 vampire mosquitoes
  4 wargs
  2 acid dragons (D:11)
  11 water moccasins
  18 porcupines
  5 sky beasts
  7 ice beasts
  A phantom (D:11)
  10 ogres
  32 orc warriors
  3 black bears
  4 necrophages
  The ghost of isock the Archer, an amateur GnWn (D:3)
  3 wolves (Lair:5)
  6 centaurs
  14 crocodiles
  3 big kobolds
  24 bullfrogs
  A wyvern zombie (D:9)
  A water moccasin zombie (D:8)
  3 scorpions
  11 killer bees
  8 wights
  3 howler monkeys
  5 electric eels
  4 bullfrog zombies
  A centaur zombie (D:9)
  3 jellies
  A quasit (Sewer)
  A bullfrog skeleton (D:8)
  A centaur skeleton (D:4)
  3 hounds
  An iguana (D:4)
  20 orc priests
  23 orc wizards
  Crazy Yiuf (D:2)
  Jessica (D:3)
  12 worker ants
  A worker ant zombie (D:8)
  7 gnolls (D:5)
  A river rat (D:3)
  13 adders
  8 shadow imps
  2 ufetubi (Sewer)
  6 oozes
  An adder zombie (Sewer)
  7 leopard geckos
  103 orcs
  7 giant cockroaches
  10 goblins
  6 hobgoblins
  15 jackals
  5 quokkas
  11 bats
  4 frilled lizards
  2 giant cockroach zombies (Sewer)
  25 kobolds
  A leopard gecko skeleton (D:4)
  2 quokka skeletons (D:4)
  7 rats
  2 plants (Lair:6)
719 creatures vanquished.

Vanquished Creatures (others)
  2 humans (Lair:5)
  A porcupine (Lair:5)
  An orc (Orc:1)
  A kobold zombie (Sewer)
  A leopard gecko skeleton (D:6)
  7 fungi
  30 plants
43 creatures vanquished.

Grand Total: 762 creatures vanquished

Notes
Turn   | Place    | Note
-------+----------+-------------------------------------------
     0 | D:1      | Faca the Minotaur Fighter began the quest for the Orb.
     0 | D:1      | Reached XP level 1. HP: 19/19 MP: 0/0
   158 | D:1      | Reached XP level 2. HP: 25/27 MP: 1/1
   406 | D:1      | Reached XP level 3. HP: 33/33 MP: 2/2
   882 | D:2      | Found a shimmering altar of Xom.
  1240 | D:2      | Found an iron altar of Okawaru.
  1255 | D:2      | Became a worshipper of Warmaster Okawaru
  1637 | D:2      | Found a runed door.
  1641 | D:2      | Noticed Crazy Yiuf
  1653 | D:2      | Killed Crazy Yiuf
  1653 | D:2      | Reached skill level 1 in Dodging
  1653 | D:2      | Reached XP level 4. HP: 2/40 MP: 3/3
  2156 | D:3      | Reached skill level 3 in Long Blades
  2156 | D:3      | Reached skill level 5 in Shields
  2165 | D:3      | Noticed Jessica
  2173 | D:3      | Killed Jessica
  2173 | D:3      | Reached XP level 5. HP: 46/46 MP: 4/4
  2188 | D:3      | Noticed isock's ghost (amateur GnWn)
  2191 | D:3      | Noticed Grinder
  2200 | D:3      | Paralysed by Grinder for 3 turns
  2223 | D:3      | Killed isock's ghost
  2223 | D:3      | Reached skill level 5 in Armour
  2230 | D:3      | Reached skill level 4 in Long Blades
  2258 | D:3      | Reached XP level 6. HP: 30/52 MP: 5/5
  2261 | D:3      | Paralysed by Grinder for 6 turns
  2267 | D:3      | Killed Grinder
  2267 | D:3      | Reached * piety under Okawaru
  2267 | D:3      | Reached skill level 5 in Long Blades
  2479 | D:3      | Found a glowing drain.
  2488 | Sewer    | Entered a sewer
  2710 | Sewer    | Reached XP level 7. HP: 57/60 MP: 6/6
  2768 | Sewer    | Found a burning altar of Makhleb.
  2848 | Sewer    | Reached skill level 6 in Long Blades
  3897 | D:4      | Reached ** piety under Okawaru
  3897 | D:4      | Reached skill level 7 in Long Blades
  3998 | D:4      | Reached XP level 8. HP: 59/67 MP: 7/7
  4048 | D:4      | Found a snail-covered altar of Cheibriados.
  4112 | D:4      | Found a burning altar of Makhleb.
  4221 | D:5      | Entered Level 5 of the Dungeon
  4350 | D:5      | Reached skill level 5 in Fighting
  4350 | D:5      | Reached skill level 8 in Long Blades
  4594 | D:5      | Found an opulent altar of Gozag.
  4595 | D:5      | Found a sparkling altar of Nemelex Xobeh.
  4629 | D:6      | Found Ywoargh's Assorted Antiques.
  4672 | D:6      | Reached skill level 1 in Stealth
  4849 | D:6      | Noticed Pikel
  4885 | D:6      | Killed Pikel
  4885 | D:6      | Reached *** piety under Okawaru
  4885 | D:6      | Reached skill level 9 in Long Blades
  4885 | D:6      | Reached XP level 9. HP: 70/75 MP: 8/8
  5417 | D:6      | Reached **** piety under Okawaru
  5857 | D:7      | Noticed isock's ghost (novice GnWn)
  5884 | D:7      | Killed isock's ghost
  5884 | D:7      | Reached skill level 10 in Long Blades
  5888 | D:7      | Found a blossoming altar of Fedhas.
  6034 | D:7      | Found a staircase to the Ecumenical Temple.
  6040 | D:7      | Got a dazzling cloak
  6051 | D:7      | Identified the +2 cloak of Pureomus {Stlth+} (You found it on level 7 of the Dungeon)
  6079 | D:7      | Reached ***** piety under Okawaru
  6403 | D:7      | Found a radiant altar of Vehumet.
  6441 | D:7      | Got an ichor-stained ring mail
  6456 | D:7      | Identified the +2 ring mail "Fyedeciu" {+Fly} (You found it on level 7 of the Dungeon)
  6835 | D:7      | Reached XP level 10. HP: 51/86 MP: 9/9
  7016 | D:8      | Received a gift from Okawaru
  7027 | D:8      | Reached skill level 11 in Long Blades
  7030 | D:8      | Got a bloodstained hand axe {god gift}
  7031 | D:8      | Identified the +8 hand axe "Worm" {chop, rC+ Int+5} (Okawaru gifted it to you on level 8 of the Dungeon)
  7055 | D:8      | Noticed erocl's ghost (novice MiBe)
  7096 | D:8      | Killed erocl's ghost
  7366 | D:8      | Found a white marble altar of Elyvilon.
  7430 | D:8      | Noticed a two-headed ogre
  7456 | D:8      | Killed a two-headed ogre
  7456 | D:8      | Reached skill level 10 in Shields
  7623 | D:8      | Received a gift from Okawaru
  7643 | D:8      | Found a shimmering altar of Xom.
  7662 | D:8      | Identified a scroll of acquirement
  7699 | D:8      | Noticed a two-headed ogre
  7706 | D:8      | Killed a two-headed ogre
  7706 | D:8      | Reached skill level 12 in Long Blades
  7738 | D:8      | Reached skill level 10 in Armour
  7780 | D:8      | Found a sparkling altar of Nemelex Xobeh.
  7989 | D:8      | Found Urphuklep's Antique Weapon Emporium.
  8168 | D:8      | Got a heavily runed chain mail
  8179 | D:8      | Identified the +8 chain mail "Oleynug" {*Corrode rC+ SInv} (You found it on level 8 of the Dungeon)
  8245 | D:9      | Found a hazy altar of Hepliaklqana.
  8250 | D:9      | Reached XP level 11. HP: 95/95 MP: 10/10
  8496 | D:9      | Found a basalt altar of Yredelemnul.
  8669 | D:9      | Found an ornate altar of the Wu Jian Council.
  8728 | D:9      | Found a staircase to the Lair.
  9050 | D:9      | Found a hide-covered altar of Uskayaw.
  9450 | D:10     | Entered Level 10 of the Dungeon
  9562 | D:10     | Noticed Erica
  9582 | D:9      | Killed Erica
 10416 | D:10     | Reached skill level 13 in Long Blades
 10737 | D:11     | Found a runed door.
 10884 | D:11     | Found the +10 large shield of Ignorance {rN+ Int-4}
 10976 | D:11     | Noticed a two-headed ogre
 10994 | D:11     | Killed a two-headed ogre
 10994 | D:11     | Received a gift from Okawaru
 11129 | D:11     | Found a runed door.
 11549 | D:11     | Noticed an orange crystal statue
 11705 | D:11     | Noticed a green ugly thing
 11715 | D:11     | Killed a green ugly thing
 11725 | D:11     | Reached ****** piety under Okawaru
 11810 | D:11     | Noticed a red ugly thing
 11819 | D:11     | Killed a red ugly thing
 11819 | D:11     | Reached XP level 12. HP: 93/105 MP: 11/11
 12082 | D:12     | Noticed Urug
 12098 | D:12     | Killed Urug
 12156 | D:12     | Found a staircase to the Orcish Mines.
 12530 | D:12     | Reached skill level 14 in Long Blades
 12577 | D:12     | Noticed Sonja
 12585 | D:12     | Killed Sonja
 12585 | D:12     | Reached skill level 10 in Fighting
 13038 | Lair:1   | Entered Level 1 of the Lair of Beasts
 13275 | Lair:1   | Noticed Gastronok
 13303 | Lair:1   | Killed Gastronok
 13303 | Lair:1   | Reached skill level 1 in Invocations
 13462 | Lair:1   | Received a gift from Okawaru
 13581 | Lair:1   | Found a hide-covered altar of Uskayaw.
 14906 | Lair:3   | Reached skill level 15 in Long Blades
 14923 | Lair:3   | Received a gift from Okawaru
 14924 | Lair:3   | Got a pair of transparent boots {god gift}
 14935 | Lair:3   | Identified the +0 pair of boots of Reason {rPois rC+} (Okawaru gifted it to you on level 3 of the Lair of Beasts)
 14975 | Lair:3   | Reached XP level 13. HP: 114/116 MP: 13/13
 15211 | Lair:3   | Found a staircase to the Snake Pit.
 15253 | Lair:3   | Found a staircase to the Swamp.
 16246 | Lair:4   | Noticed Nessos
 16283 | Lair:4   | Killed Nessos
 16578 | Lair:4   | Found a hazy altar of Hepliaklqana.
 17356 | Lair:5   | Noticed Kirke
 17380 | Lair:5   | Killed Kirke
 17380 | Lair:5   | Received a gift from Okawaru
 17384 | Lair:5   | Got an iridescent double sword {god gift}
 17420 | Lair:5   | Identified the +7 double sword "Jixzoc" {slice, *Noise rElec MR+ Int+8} (Okawaru gifted it to you on level 5 of the Lair of Beasts)
 18249 | Lair:5   | Got a shimmering golden ring
 18251 | Lair:5   | Identified the ring "Soawn" {+Blink Str+3} (You acquired it on level 5 of the Lair of Beasts)
 18289 | Lair:6   | Entered Level 6 of the Lair of Beasts
 18302 | Lair:6   | Received a gift from Okawaru
 18304 | Lair:6   | Got a pair of dazzling gloves {god gift}
 18437 | Lair:5   | Identified the +0 pair of gloves of the Thistle {Int+2} (Okawaru gifted it to you on level 6 of the Lair of Beasts)
 18493 | Lair:6   | Reached XP level 14. HP: 122/127 MP: 14/14
 18497 | Lair:6   | Reached skill level 16 in Long Blades
 18925 | Lair:6   | Reached skill level 15 in Shields
 18979 | Lair:6   | Received a gift from Okawaru
 19160 | Lair:6   | Got a smoking dagger
 19164 | Lair:6   | Identified the cursed +0 dagger "Beetleslayer" {flame, MR+ Dex+4} (You found it on level 6 of the Lair of Beasts)
 19197 | Lair:6   | Found a viscous altar of Jiyva.
 19197 | Lair:6   | Found a staircase to the Slime Pits.
 19317 | Lair:6   | Got a faintly glowing plate armour
 19358 | Lair:6   | Identified the cursed +0 plate armour of Wityrcheu {rElec Str-5 Dex+2 Stlth+} (You found it on level 6 of the Lair of Beasts)
 20191 | Orc:1    | Entered Level 1 of the Orcish Mines
 20455 | Orc:1    | Reached skill level 17 in Long Blades
 20673 | Orc:2    | Entered Level 2 of the Orcish Mines
 20706 | Orc:1    | Received a gift from Okawaru
 20967 | Orc:2    | Found a roughly hewn altar of Beogh.
 21028 | Orc:2    | Found Wyidwira's Assorted Antiques.
 21613 | Orc:2    | Noticed an orc warlord
 21629 | Orc:2    | Killed an orc warlord
 21629 | Orc:2    | Reached XP level 15. HP: 85/138 MP: 15/15
 21633 | Orc:2    | Found Nooloyzu's Antique Weapon Shop.
 21789 | Orc:2    | Found a roughly hewn altar of Beogh.
 21792 | Orc:2    | Found Leck's Antique Armour Boutique.
 21883 | Orc:2    | Found a roughly hewn altar of Beogh.
 21883 | Orc:2    | Found Xocoim's Assorted Antiques.
 21937 | Orc:2    | Found a roughly hewn altar of Beogh.
 22106 | Orc:2    | Found a roughly hewn altar of Beogh.
 22127 | Orc:2    | Found a staircase to the Elven Halls.
 22149 | Orc:2    | Noticed Maurice
 22161 | Orc:2    | Killed Maurice
 22177 | Orc:2    | Found a roughly hewn altar of Beogh.
 22284 | Orc:2    | Found a roughly hewn altar of Beogh.
 22284 | Orc:2    | Found Siofe's General Store.
 22752 | Snake:1  | Entered Level 1 of the Snake Pit
 23754 | Snake:1  | Noticed Nikola
 23769 | Snake:1  | Killed from afar by a shock serpent

Vault maps used:
D:1:      lightli_arrival_noodles
D:2:      old_standard_altar, okawaru_ov_weapons_minmay, uniq_crazy_yiuf_cottage
D:3:      gup_sewer_entry_bubbles, uniq_grinder, uniq_jessica
D:4:      bloody_makhleb, lemuel_doored_altar, first_ration
D:5:      grunt_temple_overflow_opulence
D:6:      serial_shops, nicolae_shop_stone, glass_columns_a, uniq_pikel
D:7:      overflow_temple_1_default, minmay_temple_entry_statues_fountains,
          basic_altar, grunt_livestock
D:8:      old_standard_altar, serial_shops, shop, basic_altar,
          wad_floor_pattern_2, nemelex_dance_club_becter
D:9:      eat_drink_and_be_merry_uskayaw, lemuel_crystal_altar,
          lemuel_coloured_pillars_altar, nicolae_overflow_crystal_walls,
          grunt_lair_entry_orc_guard_hut, solitary_fountain,
          minmay_tree_intersection
D:10:     minmay_misc_feat_roman, minivault_5, kennysheep_another_room,
          uniq_urug, uniq_erica
D:11:     minmay_misc_feat_more_columns, chequers_guarded_unrand_ignorance
D:12:     orc_0_dummy, uniq_sonja
Lair:1:   basic_altar, uniq_gastronok
Lair:3:   swamp_mist_pool, minmay_snake_entry_guardpost_medium, minivault_27
Lair:4:   lemuel_oklob_altar, uniq_nessos
Lair:5:   serial_bayou_pond_d, grunt_megastairs_5, uniq_kirke
Lair:6:   minmay_lair_end_frog_pond, dpeg_slime_entry_enclosed_altar,
          infiniplex_staircase_pool_2
Snake:1:  serial_shops, nicolae_shop_waterfront,
          nicolae_snake_round_shape_thing, serial_bayou_shore_b, uniq_asterion,
          uniq_nikola
Orc:2:    grunt_orc_community_town_hall, grunt_orc_community_big_house_1,
          grunt_orc_community_big_house_1, grunt_orc_community_house_3,
          grunt_orc_community_house_2, grunt_orc_community_house_2,
          grunt_orc_community_house_3, grunt_orc_community_house_3,
          serial_shops, shop, uniq_maurice
Sewer:    kennysheep_sewer_church

Skill      XL: |  1  2  3  4  5  6  7  8  9 10 11 12 13 14 |
---------------+-------------------------------------------+-----
Armour         | 4 5 6 7 8 10 11 12 14 | 14.8
Shields        | 4 5 6 7 9 10 11 13 14 16 | 16.7
Dodging        | 1 2 3 |  3.4
Fighting       | 4 5 7 8 9 11 12 14 | 14.6
Long Blades    | 3 4 5 7 9 10 12 13 15 17 | 17.3
Stealth        | 1 |  1.2
Invocations    | 1 |  1.6

Action                   |  1- 3 |  4- 6 |  7- 9 | 10-12 | 13-15 || total
-------------------------+-------+-------+-------+-------+-------++-------
Melee: Long sword        |    92 |   133 |   321 |       |       ||   546
       Headbutt          |    15 |    28 |   103 |   221 |   296 ||   663
       Scimitar          |       |       |    80 |   910 |   667 ||  1657
       Double sword      |       |       |       |       |   429 ||   429
Invok: Heroism           |       |       |       |     2 |       ||     2
       Finesse           |       |       |       |     1 |       ||     1
 Abil: Stop Flying       |       |       |     1 |       |       ||     1
  Use: Scroll            |     5 |       |     7 |    11 |     7 ||    30
       Potion            |       |     1 |       |     1 |       ||     2
  Eat: Ration            |     1 |     1 |     3 |    10 |     2 ||    17
       Chunk             |       |       |     3 |     1 |    20 ||    24
Armor: Scale mail        |    46 |       |       |       |       ||    46
       Chain mail        |    13 |    71 |   202 |    88 |       ||   374
       Plate armour      |       |       |       |   231 |   480 ||   711
Dodge: Dodged            |    42 |    25 |    64 |   174 |   247 ||   552
Block: Shield            |    43 |    64 |   209 |   393 |   707 ||  1416
       Reflection        |       |       |       |     2 |     5 ||     7
       Rpst.: Long sword |     9 |     7 |    16 |       |       ||    32
       Scimitar          |       |       |     1 |    50 |    32 ||    83
       Double sword      |       |       |       |       |    31 ||    31

Table legend:
 A = Spawn XP
 B = Non-spawn XP
 C = Spawn XP percentage of total XP
 D = Spawn monster count
 E = Non-spawn monster count
 F = Spawn count percentage of total count
 G = Total turns spent on level
                    A         B        C        D         E        F      G
               +---------+---------+-------+---------+---------+-------+---------
         Total |       0 |  119794 |   0.0 |       0 |     717 |   0.0 | 23769
               +---------+---------+-------+---------+---------+-------+---------
           D:1 |       0 |      44 |   0.0 |       0 |      25 |   0.0 |   830
           D:2 |       0 |      73 |   0.0 |       0 |      16 |   0.0 |  1125
           D:3 |       0 |     666 |   0.0 |       0 |      43 |   0.0 |   920
           D:4 |       0 |     300 |   0.0 |       0 |      23 |   0.0 |   638
           D:5 |       0 |     741 |   0.0 |       0 |      20 |   0.0 |   400
           D:6 |       0 |    1411 |   0.0 |       0 |      17 |   0.0 |  1212
           D:7 |       0 |    2237 |   0.0 |       0 |      10 |   0.0 |  1164
           D:8 |       0 |    5095 |   0.0 |       0 |      36 |   0.0 |  1246
           D:9 |       0 |    3301 |   0.0 |       0 |      33 |   0.0 |  1643
          D:10 |       0 |    2147 |   0.0 |       0 |      20 |   0.0 |   983
          D:11 |       0 |    5678 |   0.0 |       0 |      43 |   0.0 |  1456
          D:12 |       0 |    4755 |   0.0 |       0 |      21 |   0.0 |  1157
        Lair:1 |       0 |    5224 |   0.0 |       0 |      18 |   0.0 |   801
        Lair:2 |       0 |    5977 |   0.0 |       0 |      21 |   0.0 |  1155
        Lair:3 |       0 |    6440 |   0.0 |       0 |      23 |   0.0 |   924
        Lair:4 |       0 |    7220 |   0.0 |       0 |      20 |   0.0 |  1277
        Lair:5 |       0 |   10065 |   0.0 |       0 |      29 |   0.0 |  1693
        Lair:6 |       0 |   33858 |   0.0 |       0 |      98 |   0.0 |  1275
       Snake:1 |       0 |   11525 |   0.0 |       0 |      20 |   0.0 |  1017
         Orc:1 |       0 |    2665 |   0.0 |       0 |      30 |   0.0 |   445
         Orc:2 |       0 |    9977 |   0.0 |       0 |     117 |   0.0 |  1700
         Sewer |       0 |     395 |   0.0 |       0 |      34 |   0.0 |   708
               +---------+---------+-------+---------+---------+-------+---------
